 Dungeon Crawl Stone Soup version 0.30.0 (webtiles) character file.

Game seed: 11376025957105933196

6 Jonnyslop the Sneak (level 1, -4/9 HPs)
             Began as a Spriggan Enchanter on Oct 10, 2023.
             Slain by a worm (8 damage)
             ... on level 2 of the Dungeon.
             The game lasted 00:01:03 (92 turns).

Jonnyslop the Sneak (Spriggan Enchanter)              Turns: 92, Time: 00:01:03

Health: -4/9       AC:  2    Str:  4    XL:     1   Next: 75%
Magic:  5/5        EV: 17    Int: 16    God:
Gold:   20         SH:  0    Dex: 15    Spells: 5/5 levels left

rFire   . . .        a - +1 dagger
rCold   . . .        (no shield)
rNeg    . . .        b - +0 robe
rPois   .            (helmet restricted)
rElec   .            (no cloak)
rCorr   .            (gloves unavailable)
SInv    +            (boots unavailable)
Will    .....        (no amulet)
Stlth   +++          (no ring)
HPRegen 0.21/turn    (no ring)
MPRegen 0.09/turn

%: no passive effects
@: very quick
A: very small, no large weapons, unfitting armour, see invisible, speed 3
a: no special abilities


You were on level 2 of the Dungeon.
You visited 1 branch of the dungeon, and saw 2 of its levels.

You collected 20 gold pieces.

Inventory:

Hand Weapons
 a - a +1 dagger (weapon)
Missiles
 d - 3 datura-tipped darts (quivered)
Armour
 b - a +0 robe (worn)
Jewellery
 f - a ring of ice
Scrolls
 e - a scroll of fear {unknown}
Potions
 c - 2 potions of invisibility


   Skills:
 * Level 1.6 Short Blades
 - Level 2.6 Dodging
 - Level 4.4 Stealth
 + Level 2.8 Spellcasting
 + Level 3.7 Hexes


You had 5 spell levels left.
You didn't know any spells.
Your spell library contained the following spells:

 Spells                   Type           Power      Damage    Failure   Level
 Confusing Touch          Hex            14%        N/A       12%         3
 Tukima's Dance           Hex            14%        N/A       12%         3
 Ensorcelled Hibernation  Hex/Ice        16%        N/A       13%         2
 Dazzling Flash           Conj/Hex       16%        N/A       26%         3


Dungeon Overview and Level Annotations

Branches:
Dungeon (1/15)

Altars:


Innate Abilities, Weirdness & Mutations

You are very small and have problems with some larger weapons.
You are too small for most types of armour.
You have supernaturally acute eyesight. (SInv)
You cover ground extremely quickly. (Speed+++)


Message History

No target in view!
No target in view!
No target in view!
No target in view!
No target in view!
No target in view!
No target in view!
No target in view!
No target in view!
No target in view!
No target in view!
No target in view!
No target in view!
No target in view!
HP restored.
A giant cockroach comes into view.
A worm comes into view.
An endoplasm comes into view.
The endoplasm quivers.
The helpless giant cockroach fails to defend itself.
You impale the giant cockroach!!
You kill the giant cockroach!
You hit the worm.
The worm is lightly wounded.
The endoplasm freezes you.
You are frozen.
Ouch! That really hurt!
You are too injured to fight recklessly!
You are too injured to fight recklessly!
You are too injured to fight recklessly!
You are too injured to fight recklessly!
You are too injured to fight recklessly!
You are too injured to fight recklessly!
You are too injured to fight recklessly!
You are too injured to fight recklessly!
There are monsters nearby!
You hit the worm.
The worm is moderately wounded.
The endoplasm barely misses you. The worm bites you!
Ouch! That really hurt!
You die...

.# ## # #. ##.# . .. #.
.######### ## #.
#......... .# .##
#......... .# ..#
#......... .######.#
#####.J.......
.....##.###.....@w:.....
.###.##.##..###..†......
.# #†##....####.........
.###.##.......#.........
..##.....####.##########
.....##### # ####.# #.#
.>#


You could see a worm and an endoplasm.

Vanquished Creatures
  A dart slug (D:2)
  A giant cockroach (D:2)
  A hobgoblin (D:2)
  A ball python (D:2)
4 creatures vanquished.

Notes
Turn   | Place    | Note
-------+----------+-------------------------------------------
     0 | D:1      | Jonnyslop the Spriggan Enchanter began the quest for the
                  | Orb.
     0 | D:1      | Reached XP level 1. HP: 9/9 MP: 5/5
     5 | D:1      | You fall into a shaft and drop 1 floor!
    92 | D:2      | Slain by a worm

Illustrated notes

Levels and vault maps discovered:
D:1:      mushboom_english_gardens, layout_basic,
          hellmonk_ecumenical_altar_heavens_door, nicolae_eternal_life
D:2:      layout_basic

Action                     || total
---------------------------++-------
  Melee: Dagger            ||    12
  Throw: Dart              ||     1
   Stab: Sleeping          ||     2
 Armour: Robe              ||     1
  Dodge: Dodged            ||     7
